 Dungeon Crawl Stone Soup version 0.16.1-2-g95b8d4c (webtiles) character file.

2034 ImaNewbie the Covert (level 9, -2/39 HPs)
             Began as a Spriggan Enchanter on Mar 24, 2015.
             Was a Follower of Dithmenos.
             Slain by Prince Ribbit (17 damage)
             ... on level 7 of the Dungeon on Mar 25, 2015.
             The game lasted 01:12:46 (10472 turns).

ImaNewbie the Covert (Spriggan Enchanter)          Turns: 10472, Time: 01:12:46

Health: -2/39      AC:  4    Str:  4    XL:     9   Next: 3%
Magic:  15/25      EV: 25    Int: 16    God:    Dithmenos [*.....]
Gold:   320        SH:  0    Dex: 20    Spells: 3 memorised, 13 levels left

rFire  . . .     SeeInvis +     b - +0 blowgun
rCold  . . .     Clarity  .     x - +2 robe
rNeg   . . .     SustAb   .     (shield restricted)
rPois  .         Gourm    .     (helmet restricted)
rElec  .         Spirit   .     (no cloak)
rCorr  .         Warding  .     (gloves unavailable)
rMut   .         Stasis   .     (boots unavailable)
MR     +....                    (no amulet)
Stlth  ++++++++..               (no ring)
                                h - ring of flight

@: wreathed by umbra, very quick, somewhat resistant to hostile enchantments,
extraordinarily stealthy
A: unfitting armour, see invisible, herbivore 3, speed 3, slow metabolism 2
a: Renounce Religion, Evoke Flight


You were on level 7 of the Dungeon.
You worshipped Dithmenos.
Dithmenos was aware of your devotion.
You were not hungry.

You visited 2 branches of the dungeon, and saw 8 of its levels.

You collected 320 gold pieces.

Inventory:

Hand weapons
 a - a +2 dagger
 b - a +0 blowgun (weapon)
 u - a +0 rapier
Missiles
 f - 6 poisoned needles (quivered)
 m - 2 needles of confusion
 o - 8 needles of slowing
Armour
 x - a +2 robe (worn)
Jewellery
 g - an uncursed ring of protection from magic {unknown}
 h - a ring of flight (left hand)
 y - a +3 ring of intelligence {unknown}
Magical devices
 p - a wand of digging (24)
 w - a wand of cold (6)
Scrolls
 e - 3 scrolls of teleportation
 i - 6 scrolls of identify
 l - 6 scrolls of remove curse
 n - a scroll of amnesia {unknown}
Potions
 j - 2 potions of heal wounds
 k - 2 potions of curing
 q - a potion of resistance {unknown}
 r - 2 potions of ambrosia
 s - 2 potions of brilliance
 t - a potion of invisibility
 v - a potion of might
Books
 c - a book of Maledictions

   Spells                             Type                      Level
   a - Corona                         Hexes                        1
   b - Sure Blade                     Hexes/Charms                 2
   c - Ensorcelled Hibernation        Hexes/Ice                    2
   d - Confuse                        Hexes                        3
   e - Dazzling Spray                 Conjuration/Hexes            3
   f - Enslavement                    Hexes                        4
Comestibles
 d - 3 bread rations


   Skills:
 + Level 5.8 Short Blades
 + Level 8.2 Dodging
 * Level 12.5 Stealth
 - Level 5.0 Spellcasting
 - Level 5.0 Hexes


You had 13 spell levels left.
You knew the following spells:

 Your Spells              Type           Power        Failure   Level  Hunger
a - Corona                Hex            ###....      1%          1    None
b - Ensorcelled Hibernat  Hex/Ice        ##....       10%         2    #......
c - Sure Blade            Hex/Chrm       ##........   10%         2    #......


Dungeon Overview and Level Annotations

Branches:
Dungeon (7/15)             Temple (1/1) D:4

Altars:
Cheibriados
Dithmenos
Elyvilon
Fedhas
Gozag
Kikubaaqudgha
Makhleb
Nemelex Xobeh
Okawaru
Qazlal
Ru
Sif Muna
Trog
Xom
Yredelemnul
Zin
The Shining One

Annotations:
D:4 Menkaure
D:7 Prince Ribbit


Innate Abilities, Weirdness & Mutations

You are tiny and cannot use many weapons and most armour.
You have supernaturally acute eyesight.
You are a herbivore.
You cover ground extremely quickly.
You need consume almost no food.


Message History

Prince Ribbit blinks!
Firing (i - inventory. (,) - cycle):
f - 9 poisoned needles (quivered)
Press: ? - help, Shift-Dir - straight line, f/p - Prince Ribbit
Aim: Prince Ribbit (moderately wounded, poisoned)
You shoot a poisoned needle.
The poisoned needle completely misses Prince Ribbit.
Firing (i - inventory. (,) - cycle):
f - 8 poisoned needles (quivered)
Press: ? - help, Shift-Dir - straight line, f/p - Prince Ribbit
Aim: Prince Ribbit (moderately wounded, poisoned)
You shoot a poisoned needle.
The poisoned needle closely misses Prince Ribbit.
Firing (i - inventory. (,) - cycle):
f - 7 poisoned needles (quivered)
Press: ? - help, Shift-Dir - straight line, f/p - Prince Ribbit
Aim: Prince Ribbit (moderately wounded, poisoned, umbra)
You shoot a poisoned needle.
The poisoned needle completely misses Prince Ribbit.
Prince Ribbit closely misses you.
Prince Ribbit looks more healthy.
Prince Ribbit blinks!
Prince Ribbit hits you!
You die...

# #. ###############
#....((#... ..#
#.#....#.####.#######
#F#.#(....>...#.. ..#
#.#...@.)#.##.#.# #.#
#.##.#.F.#.##.#.###.###
#.....(....§...(...(...
####.##.#####.#(###.###
#.##.#####.#.###.#
#.##†......#.F...###
#.<...###########..)
#####.# #.....###...
#.# #...........


You could see Prince Ribbit.

Vanquished Creatures
  Eustachio (D:7)
  Edmund (D:6)
  2 ogres (D:5)
  An ice beast (D:5)
  A sky beast (D:6)
  2 orc warriors
  2 giant frogs
  A big kobold (D:7)
  Blork the orc (D:7)
  A wight (D:7)
  2 goliath beetles (D:6)
  2 hounds
  3 crimson imps (D:6)
  5 orc priests
  6 orc wizards
  2 worker ants
  4 iguanas
  Ijyb (D:5)
  Robin (D:3)
  5 gnolls
  6 adders
  5 worms
  An adder skeleton (D:4)
  2 oozes
  16 orcs
  11 bats
  A bat skeleton (D:6)
  3 giant cockroaches
  11 hobgoblins
  2 quokkas
  3 giant geckos
  8 giant newts
  17 goblins
  4 jackals (D:3)
  17 kobolds
  A quokka skeleton (D:4)
  11 rats
163 creatures vanquished.

Notes
Turn   | Place    | Note
--------------------------------------------------------------
     0 | D:1      | ImaNewbie, the Spriggan Enchanter, began the quest for the Orb.
     0 | D:1      | Reached XP level 1. HP: 9/9 MP: 4/4
   325 | D:1      | Reached XP level 2. HP: 13/13 MP: 8/8
   329 | D:1      | Learned a level 2 spell: Ensorcelled Hibernation
  1042 | D:2      | Reached XP level 3. HP: 11/16 MP: 11/11
  1825 | D:3      | Noticed Robin
  1835 | D:3      | Killed Robin
  2179 | D:3      | Reached skill level 5 in Hexes
  2327 | D:3      | Reached XP level 4. HP: 15/21 MP: 15/15
  2979 | D:3      | Reached skill level 5 in Spellcasting
  3237 | D:4      | Noticed an orc warrior
  3242 | D:4      | HP: 1/21 [orc warrior/short sword (17)]
  3580 | D:3      | Killed an orc warrior
  3580 | D:3      | Reached skill level 5 in Stealth
  3580 | D:3      | Reached XP level 5. HP: 8/24 MP: 5/19
  3696 | D:4      | Reached skill level 6 in Stealth
  3837 | D:4      | Found a staircase to the Ecumenical Temple.
  3856 | Temple   | Entered the Ecumenical Temple
  3930 | Temple   | Became a worshipper of Dithmenos the Shadowed
  4295 | D:4      | Reached XP level 6. HP: 3/28 MP: 21/21
  5039 | D:4      | Noticed a giant frog
  5065 | D:4      | Killed a giant frog
  5065 | D:4      | Reached skill level 7 in Stealth
  5529 | D:4      | Found a glowing silver altar of Zin.
  5588 | D:4      | Reached skill level 5 in Dodging
  5759 | D:4      | Found a blossoming altar of Fedhas.
  5759 | D:4      | Found an opulent altar of Gozag.
  5759 | D:4      | Found a white marble altar of Elyvilon.
  5759 | D:4      | Noticed Menkaure
  5804 | D:4      | Reached XP level 7. HP: 32/32 MP: 9/22
  5848 | D:5      | Entered Level 5 of the Dungeon
  5878 | D:5      | Reached skill level 8 in Stealth
  6655 | D:5      | Noticed Ijyb
  6665 | D:5      | Killed Ijyb
  6769 | D:5      | Found a sparkling altar of Nemelex Xobeh.
  6787 | D:5      | Reached skill level 9 in Stealth
  6927 | D:6      | Found a glowing golden altar of the Shining One.
  7172 | D:6      | Reached XP level 8. HP: 29/36 MP: 24/24
  7411 | D:6      | Reached skill level 10 in Stealth
  7873 | D:6      | Found a sacrificial altar of Ru.
  8190 | D:6      | Reached skill level 5 in Short Blades
  8190 | D:6      | Reached skill level 11 in Stealth
  8656 | D:6      | Noticed Edmund
  8664 | D:6      | Killed Edmund
  8765 | D:7      | Noticed Blork the orc
  8783 | D:7      | Killed Blork the orc
  8942 | D:7      | Noticed Eustachio
  8947 | D:7      | Learned a level 2 spell: Sure Blade
  8958 | D:7      | Killed Eustachio
  8958 | D:7      | Reached skill level 12 in Stealth
  9852 | D:7      | Noticed Prince Ribbit
 10015 | D:7      | Reached XP level 9. HP: 29/39 MP: 25/25
 10472 | D:7      | Slain by Prince Ribbit

Action                   |  1- 3 |  4- 6 |  7- 9 || total
-------------------------+-------+-------+-------++-------
Melee: Dagger            |   166 |   257 |   223 ||   646
       Rapier            |       |       |   123 ||   123
 Fire: Blowgun           |       |       |    50 ||    50
 Cast: Ensorcelled Hiber |     6 |    33 |    74 ||   113
       Corona            |       |       |     4 ||     4
       Sure Blade        |       |       |     1 ||     1
  Use: Scroll            |       |    10 |       ||    10
       Potion            |       |     7 |       ||     7
 Stab: Sleeping          |    13 |    22 |    30 ||    65
       Distracted        |     2 |       |     3 ||     5
       Paralysed         |       |       |     1 ||     1
  Eat: Bread ration      |       |     1 |     1 ||     2
       Royal jelly       |       |       |     1 ||     1
